 Dungeon Crawl Stone Soup version 0.31.0-11-ge490571c62 (webtiles) character file.

Game seed: 11380953035763676917

10 browni3141 the Conjurer (level 2, 19/19 HPs)
             Began as a Demonspawn Conjurer on Jan 30, 2024.
             Got out of the dungeon alive.
             The game lasted 00:00:18 (432 turns).

browni3141 the Conjurer (Demonspawn Conjurer)        Turns: 432, Time: 00:00:19

Health: 19/19      AC:  2    Str:  7    XL:     2   Next: 10%
Magic:  5/5        EV: 12    Int: 18    God:
Gold:   14         SH:  0    Dex: 11    Spells: 4/5 levels left

rFire   . . .        (no weapon)
rCold   . . .        (no shield)
rNeg    . . .        a - +0 robe
rPois   .            (no helmet)
rElec   .            (no cloak)
rCorr   .            (no gloves)
SInv    .            (no boots)
Will    .....        (no amulet)
Stlth   ++           (no ring)
HPRegen 0.23/turn    (no ring)
MPRegen 0.09/turn

%: no passive effects
@: no status effects
A: demonic touch 1
a: no special abilities


You escaped.
You visited 1 branch of the dungeon, and saw 1 of its levels.

You collected 14 gold pieces.

Inventory:

Armour
 a - a +0 robe (worn)
Potions
 b - a potion of magic


   Skills:
 + Level 2.0 Dodging
 + Level 2.0 Stealth
 + Level 2.2 Spellcasting
 + Level 4.1 Conjurations


You had 4 spell levels left.
You knew the following spells:

 Your Spells              Type           Power      Damage    Failure   Level
a - Magic Dart            Conj           64%        1d6       3%          1

Your spell library contained the following spells:

 Spells                   Type           Power      Damage    Failure   Level
 Searing Ray              Conj           32%        2d5       4%          2
 Fulminant Prism          Conj/Alch      4%         3d5       58%         4
 Iskenderun's Mystic Bla  Conj/Tloc      9%         2d4       58%         4


Dungeon Overview and Level Annotations

Branches:
Dungeon (1/15)

Altars:


Innate Abilities, Weirdness & Mutations

Your touch may inflict minor irresistible damage on your foes.


Message History

A frilled lizard comes into view.
A frilled lizard is nearby!
You miscast Magic Dart.
You are very lightly contaminated with residual magic.
Nothing appears to happen.
The magic dart hits the frilled lizard.
You kill the frilled lizard!
You can't see any susceptible monsters within range! (Use Z to cast anyway.)
Your magical contamination has completely faded away.
A ball python comes into view.
The ball python hisses angrily.
A ball python is nearby!
A ball python is nearby!
You miscast Magic Dart.
You are very lightly contaminated with residual magic.
Nothing appears to happen.
The magic dart hits the ball python.
You kill the ball python!
You can't see any susceptible monsters within range! (Use Z to cast anyway.)
Your magical contamination has completely faded away.
A frilled lizard comes into view.
A frilled lizard is nearby!
A frilled lizard is nearby!
The magic dart hits the frilled lizard.
You kill the frilled lizard!
You can't see any susceptible monsters within range! (Use Z to cast anyway.)
You can't see any susceptible monsters within range! (Use Z to cast anyway.)
You now have 14 gold pieces.
An endoplasm comes into view.
An endoplasm is nearby!
An endoplasm is nearby!
An endoplasm is nearby!
The magic dart hits the endoplasm but does no damage.
The endoplasm quivers.
The magic dart hits the endoplasm.
The endoplasm is heavily wounded.
The endoplasm freezes you.
You are frozen.
The magic dart hits the endoplasm.
You kill the endoplasm!
Your Stealth skill increases to level 2!
A ball python comes into view.
A ball python is nearby!
A ball python is nearby!
The magic dart hits the ball python.
You kill the ball python!
You can't see any susceptible monsters within range! (Use Z to cast anyway.)
You can't see any susceptible monsters within range! (Use Z to cast anyway.)
A dart slug comes into view.
A dart slug is nearby!
The magic dart hits the dart slug.
The dart slug is lightly wounded.
The magic dart hits the dart slug.
The dart slug is heavily wounded.
The magic dart hits the dart slug but does no damage.
The dart slug is heavily wounded.
The dart slug barely misses you.
You are out of magic!
You hit the dart slug but do no damage.
The dart slug is heavily wounded.
You hit the dart slug but do no damage.
The dart slug is heavily wounded.
The dart slug bites you.
You completely miss the dart slug.
The dart slug is heavily wounded.
The dart slug bites you.
You barely miss the dart slug.
The dart slug is heavily wounded.
You barely miss the dart slug.
The dart slug is heavily wounded.
The dart slug launches a dart at you. The slug dart misses you.
You hit the dart slug but do no damage.
The dart slug is heavily wounded.
The dart slug launches a dart at you. The slug dart hits you.
You hit the dart slug.
The dart slug is severely wounded.
The dart slug bites you.
You hit the dart slug.
The dart slug is severely wounded.
You hit the dart slug.
The dart slug is almost dead.
The dart slug barely misses you.
You hit the dart slug but do no damage.
The dart slug is almost dead.
The dart slug bites you.
The magic dart hits the dart slug.
You kill the dart slug!
Your Dodging skill increases to level 2!
You have reached level 2!
Your demonic ancestry asserts itself...
Your hands begin to faintly glow with unholy energy.
You see here a jackal skeleton.
You see here a jackal skeleton.
You see here 9 stones.
There is an open door here.
There is a staircase leading out of the dungeon here.
Alright, then stay!
You have escaped!

#.########.#
#....(...#.#
########.#.#
###.........#
#...#.......#
#.###########
.#
#.#.........#
.#
#.#.).###...#
.# #
#.'...#÷#.@.#
.#.#
###...###...#
.#.#
#.........#
...
###########
†# .# .# ##


There were no monsters in sight!

Vanquished Creatures
  A dart slug (D:1)
  2 ball pythons (D:1)
  An endoplasm (D:1)
  2 jackals (D:1)
  2 frilled lizards (D:1)
8 creatures vanquished.

Notes
Turn   | Place    | Note
-------+----------+-------------------------------------------
     0 | D:1      | browni3141 the Demonspawn Conjurer began the quest for the
                  | Orb.
     0 | D:1      | Reached XP level 1. HP: 13/13 MP: 3/3
   355 | D:1      | Gained mutation: Your touch may inflict minor irresistible
                  | damage on your foes. [demonic ancestry]
   355 | D:1      | Reached XP level 2. HP: 10/19 MP: 0/5
   432 | D:$      | Got out of the dungeon alive.

Illustrated notes

Levels and vault maps discovered:
D:1:      nicolae_arrival_memento_mori, layout_basic, minivault_19

Skill      XL: |  1 |
---------------+----+-----
Stealth        | 2 |  2.0
Dodging        | 2 |  2.0
Spellcasting   | |  2.2
Conjurations   | |  4.1

Action                     || total
---------------------------++-------
  Melee: Unarmed           ||    20
   Cast: Magic Dart        ||    16
 Armour: Robe              ||    18
  Dodge: Dodged            ||    13
